Cogmind - Beta 13 @@@ ROGUE MODE // 2024.04.15 @ 18:13:35 Player: SpaceWalrus Result: Destroyed by G-47 Trooper with Particle Gun Performance ------------- Evolutions (0) 0 Regions Visited (3) 600 Robots Destroyed (36) 180 Value Destroyed (417) 417 Prototype IDs (2) 40 Alien Tech Used (0) 0 Bonus (0) 0 TOTAL SCORE: 1237 Bonus ------- None Cogmind --------- Core Integrity 0/250 Matter 300/300 Energy 250/250 System Corruption 0% Temperature Cool (9) Movement Rolling (80) Location -10/Subcaves Parts ------- > --- POWER (1) -------- Ion Engine > --- PROPULSION (2) --- Wheel Wheel > --- UTILITY (2) ------ Structural Scanner Signal Interpreter > --- WEAPON (2) ------- Beam Cannon > --- INVENTORY (5) ---- Heat Sink Medium Storage Unit Targeting Computer Rocket Launcher Makeshift Hammer Peak State ------------ > --- POWER ------------ Ion Engine > --- PROPULSION ------- Aluminum Leg Aluminum Leg > --- UTILITY ---------- Improved Terrain Scanner Seismic Detector > --- WEAPON ----------- Medium Laser Small Laser > --- INVENTORY -------- Ion Engine Small Storage Unit Small Laser [Rating: 9] Favorites ----------- Power Ion Engine Engine Ion Engine Propulsion Aluminum Leg Leg Aluminum Leg Wheel Wheel Utility Signal Interpreter Device Terrain Scanner Storage Medium Storage Unit Processor Signal Interpreter Weapon Beam Cannon Energy Gun Small Laser Energy Cannon Beam Cannon Launcher Rocket Launcher Build | -11 -10 -10 -10 ------- Run | Yrd Mat Min Sub Slots Evolved . | . . . . Power . | . . . . Propulsion . | . . . . Utility . | . . . . Weapon . | . . . . Parts Attached 30 | 8 7 15 . Power 4 | 1 1 2 . Engine 4 | 1 1 2 . Core . | . . . . Reactor . | . . . . Propulsion 7 | 2 1 4 . Treads . | . . . . Leg 3 | 2 1 . . Wheel 4 | . . 4 . Hover . | . . . . Flight . | . . . . Utility 10 | 3 5 2 . Device 5 | 2 1 2 . Storage 3 | 1 2 . . Processor 2 | . 2 . . Hackware . | . . . . Protection . | . . . . Artifact . | . . . . Weapon 9 | 2 . 7 . Energy Gun 6 | 2 . 4 . Energy Cannon 1 | . . 1 . Ballistic Gun . | . . . . Ballistic Cannon . | . . . . Launcher 2 | . . 2 . Special Weapon . | . . . . Impact Weapon . | . . . . Slashing Weapon . | . . . . Piercing Weapon . | . . . . Special Melee Weapon . | . . . . Unidentified Prototypes . | . . . . Parts Lost 4 | . . 3 1 Power 1 | . . 1 . Propulsion 2 | . . 2 . Utility . | . . . . Weapon 1 | . . . 1 Highest Loss Streak 2 | . . 2 1 To Critical Strikes . | . . . . Average Slot Usage (%) 87 | . 100 83 98 Engine 11 | . 14 10 14 Leg 10 | . 28 6 . Wheel 7 | . . 9 28 Device 9 | . 8 10 14 Storage 5 | . 13 3 . Processor 12 | . 6 14 14 Energy Gun 13 | . 28 10 12 Energy Cannon 7 | . . 9 14 Launcher 6 | . . 8 . Naked Turns . | . . . . Heaviest Build 22 | 14 18 22 12 Greatest Support 32 | 20 20 32 20 Greatest Overweight (x) 2 | 1 . 2 . Average Overweight (x) . | . . . . Largest Inventory Capacity 10 | 8 10 10 5 Average Capacity 6 | 7 8 6 5 Most Carried 8 | 7 8 8 5 Average Carried 5 | 2 7 5 5 Final Capacity 10 | 5 10 5 5 Final Carried 8 | 3 8 5 5 Class Distribution -------------------- 72% | Mutant 27% | Scavenger-Mutant Dominant Class ---------------- Mutant | -10/Materials Mutant | -10/Mines Scavenger-Mutant | -10/Subcaves Resources | -11 -10 -10 -10 ----------- Run | Yrd Mat Min Sub Matter Collected 603 | 280 29 294 . Remotely . | . . . . Salvage Created 1038 | 154 179 656 49 Parts 69 | 13 14 41 1 Haulers Intercepted . | . . . . Recyclers Shooed 2 | . . 2 . Parts Field Recycled . | . . . . Retrieved Matter . | . . . . Parts Self-Destructed 1 | . . . 1 Prevented . | . . . . Kills | -11 -10 -10 -10 ------- Run | Yrd Mat Min Sub Combat Hostiles Destroyed 16 | . 6 9 1 Guns 9 | . 6 2 1 AOE 7 | . . 7 . Classes Destroyed 7 | 2 3 2 . Worker 1 | . . 1 . Builder 4 | . . 4 . Tunneler 7 | 4 . 3 . Recycler 7 | 1 . 6 . Watcher 1 | . 1 . . Swarmer 12 | . 3 9 . Grunt 4 | . 3 . 1 Best Kill Streak 3 | 3 3 3 1 Combat Bots Only 3 | . 3 3 1 Max Kills in Single Turn 3 | 1 1 3 1 Gunslinging . | . . . . Exploded 2 | . . 2 . Melee . | . . . . Uniques/NPCs Destroyed . | . . . . Combat | -11 -10 -10 -10 -------- Run | Yrd Mat Min Sub Hostile Shots Fired 107 | . 82 15 10 Missed 31 | . 25 4 2 Damage Taken 950 | . 611 223 116 Core 256 | . 193 50 13 Absorbed by Shields . | . . . . Core Remaining (%) 100 | 100 . . . Volleys Fired 134 | 14 43 70 7 Largest 2 | 2 2 2 2 Hottest 125 | 90 90 125 125 Shots Fired 215 | 28 82 96 9 Gun 133 | 28 82 21 2 Cannon 71 | . . 64 7 Launcher 11 | . . 11 . Special . | . . . . Kinetic . | . . . . Thermal 204 | 28 82 85 9 Explosive 11 | . . 11 . Electromagnetic . | . . . . Robot Hit Streak 6 | 6 5 5 2 Robot Miss Streak 7 | 2 7 7 2 Penetration Max . | . . . . Secondary Targets . | . . . . Shots Hit Robots 103 | 17 40 41 5 Core Hits 49 | 6 15 27 1 Critical Kills . | . . . . Critical Parts Destroyed . | . . . . Critical Strikes 7 | 2 5 . . Burn 7 | 2 5 . . Melee Attacks . | . . . . Impact . | . . . . Slashing . | . . . . Piercing . | . . . . Sneak Attacks . | . . . . Combat Hostiles . | . . . . Follow-up Attacks . | . . . . Damage Inflicted 2076 | 210 541 1220 105 Guns 907 | 210 541 140 16 Cannons 630 | . . 541 89 Explosions 520 | . . 520 . Melee . | . . . . Ramming 19 | . . 19 . Kinetic . | . . . . Thermal 1623 | 210 541 767 105 Explosive 434 | . . 434 . Electromagnetic . | . . . . Impact . | . . . . Slashing . | . . . . Piercing . | . . . . Highest Corruption . | . . . . Average Corruption . | . . . . Corruption Purged . | . . . . Corruption Blocked . | . . . . Overload Shots . | . . . . Overflow Damage 42 | . . 42 . Projectiles 13 | . . 13 . Explosions 29 | . . 29 . Melee . | . . . . Knockbacks 1 | . . 1 . Impact 1 | . . 1 . Kinetic . | . . . . Secondary . | . . . . Self-Inflicted Damage 143 | . . 143 . Shots 4 | . . 4 . Rammed 2 | . . 2 . Targets Rammed 2 | . . 2 . Kicked . | . . . . Crushed . | . . . . Highest Temperature 300 | 120 274 300 42 Average Temperature 66 | 47 95 49 14 Received Heat Transfer 336 | . 267 . 69 Effects 4 | . 3 1 . Interference 3 | . 3 . . Damage (minor) 1 | . . 1 . Siege Activations . | . . . . Robots Corrupted . | . . . . Combat Hostiles . | . . . . Parts Fried . | . . . . Impact Corruptions . | . . . . Robots Melted . | . . . . Combat Hostiles . | . . . . Parts Melted 7 | 2 3 2 . Heat Transferred 4354 | 718 1796 1618 222 Parts Sabotaged . | . . . . Parts Stolen . | . . . . Parts Stripped . | . . . . Power Chain Reactions . | . . . . Alert | -11 -10 -10 -10 ------- Run | Yrd Mat Min Sub Peak Influence 143 | 25 143 123 . Initial 33 | . 16 33 . Average 43 | 12 70 38 . Maximum Alert Level . | . . . . Low Security (%) 100 | 100 100 100 . Level 1 . | . . . . Level 2 . | . . . . Level 3 . | . . . . Level 4 . | . . . . Level 5 . | . . . . High Security . | . . . . Max Security . | . . . . Squads Dispatched 3 | . 3 . . Investigation 1 | . 1 . . Extermination . | . . . . Reinforcement 2 | . 2 . . Assault . | . . . . Garrison . | . . . . Intercept . | . . . . Searches Triggered . | . . . . Construction Impeded . | . . . . Haulers Reinforced . | . . . . Active Scanning Responses . | . . . . Cargo Convoy Interrupts . | . . . . Stealth | -11 -10 -10 -10 --------- Run | Yrd Mat Min Sub Distress Signals 2 | . 2 . . Communications Jammed . | . . . . Distress Signals . | . . . . Times Spotted 20 | . 12 6 2 Peak Tracking Total 4 | . 4 3 2 Tactical Retreats 1 | . 1 . . Traps | -11 -10 -10 -10 ------- Run | Yrd Mat Min Sub Traps Triggered . | . . . . Indirectly . | . . . . Trap Hack Attempts . | . . . . Triggered . | . . . . Disarmed . | . . . . Reprogrammed . | . . . . Reused . | . . . . Traps Extracted . | . . . . Installed . | . . . . Triggered . | . . . . Machines | -11 -10 -10 -10 ---------- Run | Yrd Mat Min Sub Machines Disabled 2 | . . 2 . Max in Single Turn 1 | . . 1 . Machines Repaired . | . . . . Machines Dismantled . | . . . . Machines Sabotaged . | . . . . Overloaded Fab Kills . | . . . . Hacking | -11 -10 -10 -10 --------- Run | Yrd Mat Min Sub Machines Accessed 3 | . 3 . . Terminals 3 | . 3 . . Fabricators . | . . . . Repair Stations . | . . . . Recycling Units . | . . . . Scanalyzers . | . . . . Garrison Access . | . . . . Total Hacks 7 | . 7 . . Successful 4 | . 4 . . Failed 3 | . 3 . . Catastrophic . | . . . . Database Lockouts . | . . . . Manual . | . . . . Terminals 7 | . 7 . . Fabricators . | . . . . Repair Stations . | . . . . Recycling Units . | . . . . Scanalyzers . | . . . . Garrison Access . | . . . . Terminal Hacks 4 | . 4 . . Prototype ID Bank 1 | . 1 . . Alert Level 2 | . 2 . . Investigation Status 1 | . 1 . . Fabricator Hacks . | . . . . Repair Station Hacks . | . . . . Recycling Unit Hacks . | . . . . Scanalyzer . | . . . . Garrison Access Hacks . | . . . . Unauthorized Hacks . | . . . . Terminals . | . . . . Fabricators . | . . . . Repair Stations . | . . . . Recycling Units . | . . . . Scanalyzers . | . . . . Garrison Access . | . . . . Data Cores Recovered . | . . . . Used . | . . . . Hacking Detections 2 | . 2 . . Full Trace Events 1 | . 1 . . Feedback Events . | . . . . Feedback Blocked . | . . . . Robot Schematics Acquired . | . . . . Robots Built . | . . . . Authchips . | . . . . Time . | . . . . Total Robot Build Rating . | . . . . Part Schematics Acquired . | . . . . Parts Built . | . . . . Authchips . | . . . . Time . | . . . . Total Part Build Rating . | . . . . Parts Repaired . | . . . . Time . | . . . . Parts Recycled . | . . . . Recycled Matter . | . . . . Retrieved Matter . | . . . . Retrieved Components . | . . . . Parts Scanalyzed . | . . . . Part Schematics Acquired . | . . . . Parts Damaged . | . . . . Bothacking | -11 -10 -10 -10 ------------ Run | Yrd Mat Min Sub Used RIF Installer . | . . . . Robots Hacked . | . . . . Non-combat . | . . . . Combat . | . . . . Robot Hacks Applied . | . . . . Relay Couplers Released . | . . . . Fabnet Peak Effective % . | . . . . Robots Rewired . | . . . . Allies Hacked . | . . . . Hacks Repelled . | . . . . Allies | -11 -10 -10 -10 -------- Run | Yrd Mat Min Sub Total Allies . | . . . . Largest Group . | . . . . Highest-Rated Group . | . . . . Highest-Rated Ally . | . . . . Total Orders . | . . . . Ally Attacks . | . . . . Total Damage . | . . . . Kills . | . . . . Allies Corrupted . | . . . . Allies Melted . | . . . . Intel | -11 -10 -10 -10 ------- Run | Yrd Mat Min Sub Robot Analysis Total . | . . . . Derelict Logs Recovered 4 | . . 3 1 Drone Launches . | . . . . Drone Recoveries . | . . . . Exploration | -11 -10 -10 -10 ------------- Run | Yrd Mat Min Sub Turns Passed 4145 | 135 764 3154 92 Spaces Moved 2869 | 66 501 2207 95 Core 375 | 15 . 360 . Treads . | . . . . Legs 1258 | 51 501 706 . Wheels 1236 | . . 1141 95 Hover . | . . . . Flight . | . . . . Fastest Speed 50 | 50 120 80 80 Average Speed 121 | 106 120 124 80 Slowest Speed 260 | 120 120 260 80 Overloaded Moves . | . . . . Propulsion Burnouts . | . . . . Robots Hopped . | . . . . Cave-ins Triggered . | . . . . Exploration Rate (%) 41 | 5 51 103 8 Regions Visited 3 Branch Regions 2 Pre-discovered Areas 2 | . . 1 1 Known Exits Taken 2 | . 1 1 . Unknown Exits Taken 1 | 1 . . . Scrap Searched 1 | . . 1 . Spaces Dug 9 | . . 9 . Terrain Destroyed 137 | . . 137 . Melee . | . . . . Projectile . | . . . . AOE 137 | . . 137 . Terrain Rammed . | . . . . Walls Destroyed . | . . . . Machines Disabled . | . . . . Actions | -11 -10 -10 -10 --------- Run | Yrd Mat Min Sub Total 3301 | 102 582 2515 102 Wait 235 | 6 19 210 . Move 2866 | 65 500 2206 95 Hop . | . . . . Pick Up 20 | 9 8 3 . Fast Attach 6 | 1 1 4 . Attach 8 | 6 1 1 . Detach . | . . . . Swap 16 | 1 5 10 . Drop 14 | . 5 9 . Fire 134 | 14 43 70 7 Melee . | . . . . Ram 2 | . . 2 . Kick . | . . . . Crush . | . . . . Escape Stasis . | . . . . Rewire . | . . . . Trap . | . . . . Miscellaneous . | . . . . Route ------- -11/Scrapyard -10/Materials (discovered 4 exits: *Mat x2 / *Min x2) -10/Mines (discovered 3 exits: *Mat x2 / *Sub) -10/Subcaves History --------- Turn | Location | Event 3 | -11/Scrapyard | Discovered new exit (range 15) 136 | -11/Scrapyard | Entered Materials 317 | -10/Materials | Build established: Mutant 502 | -10/Materials | Discovered new exit (range 10) 576 | -10/Materials | Discovered new exit (range 16) 739 | -10/Materials | Discovered new exit (range 8) 768 | -10/Materials | Identified exit to Mines 795 | -10/Materials | Discovered new exit (range 9) 806 | -10/Materials | Identified exit to Materials 841 | -10/Materials | Core integrity fell below 50% 900 | -10/Materials | Entered Mines 930 | -10/Mines | Identified exit to Subcaves 953 | -10/Mines | A weapon hastily lodged in a ceiling crevice suddenly fell to the ground 985 | -10/Mines | Received a Rocket Launcher from a helpful Derelict 1118 | -10/Mines | Learned Materials interactive machine intel 1233 | -10/Mines | Core integrity fell below 20% 1441 | -10/Mines | Learned location of Zion (-7) 1496 | -10/Mines | Discovered exit to Materials (range 9) 1957 | -10/Mines | Discovered exit to Materials (range 9) 3300 | -10/Mines | Build established: Scavenger-Mutant 4054 | -10/Mines | Entered Subcaves 4073 | -10/Subcaves | Learned location of Storage (-7) 4146 | -10/Subcaves | Destroyed by G-47 Trooper with Particle Gun Last Messages --------------- Acquired Structural Scanner. Slammed into R-06 Scavenger. R-06 Scavenger destroyed. Acquired 7 matter. T-07 Excavator destroyed. Acquired 10 matter. Slammed into R-06 Scavenger. R-06 Scavenger knocked back. R-06 Scavenger destroyed. Dropped Lgt. Ion Engine. Acquired 10 matter. LOCATION=SUBCAVES AMBIENT_HEAT=-10 GOAL=ESCAPE Acquired derelict log, extracted data. World map updated: -7/Storage. G8-SHN(u) builds Twisted Machinery. G-34 Mercenary destroyed. Particle Gun destroyed. Aluminum Leg fries itself beyond repair. Map ----- +----------------------------------------------------+ | ?????????????????????????????????????????????????? | | ?????????????????????????????????????????????????? | | ?????????????????????????????????????????????????? | | ?????????????????????????????????????????????????? | | ?????????????????????????????????????????????????? | | ?????????????????????????????????????????????????? | | ?????????????????????????????????????????????????? | | ?????????????????????????????????????????????????? | | ?????????????????????????????????????????????????? | | ?????????????????????????????????????????????????? | | ????????????????????????? ??????????????????????? | | ??????????????????????? ??????????????????????? | | ????????????????????? ### ?????????????????????? | | ????????????????????? ## ????????????????????? | | ????????????????????? # ##????????????????????? | | ??????????????##### ? #????????????????????? | | ??????????###########?? ##????????????????????? | | ?????????####### ###? #????????????????????? | | ????????#### ### #### %??????????????????????? | | ????????### #### #### ?????????????????????? | | ???????### ##### ### ##?????????????????????? | | ???????###% ## %### % ###????????????????????? | | ??????### ### ###????????????????????? | | ??????### #### ##????????????????????? | | ??????## ##%g ######????????????????? | | ??????## ## @ ######????????????????? | | ??????## ###???????????????? | | ###???### ##???????????????? | | ########## u ##???????????????? | | ########## ## ## #####???????????????? | | ## # ######## ## #####???????????????? | | # ###### #### ##??????????????????? | | # # ## ### #### ??????????????????? | | #### # """""" ##### ?????????????????? | | #### # """"" ##### ## ?????????????????? | | #### # """"" ##### ### ???????????????? | | """ ###? #### ??????????????? | | "## ### ### ??????????????? | | ### # ### ## ### ?## ??????????????? | | ###### ### ## #### ??????????????????? | | ######### ### ## #### ???????????????????? | | ###??###### #### ? ????????????????????????? | | ###?????######### ??????????????????????????? | | ##???????######?? #???????????????????????? | | ###???????????????? ##???????????????????????? | | #####???????????????? ##???????????????????????? | | #####?????????????????####???????????????????????? | | ###???????????????????####???????????????????????? | | ?????????????????????????????????????????????????? | | ?????????????????????????????????????????????????? | +----------------------------------------------------+ Best States ------------- Heat Dissipation 25 Energy Generation 10 Energy Capacity 250 Matter Stores 300 Matter Capacity 300 Sight Range 16 Terrain Scan Range 16 Terrain Scan Density 10 Evasion (%) 55 Targeting Accuracy 5 Item Schematics ----------------- None Robot Schematics ------------------ None Fabricated ------------ Nothing Alien Tech Used ----------------- None Achievements -------------- None Challenges ------------ None Game ------ Seed AntigravCompactShielding Manual? 0 Play Time 00:19:31 Cumulative 22.4 hours Start 2024.04.15 @ 17:52:46 End 2024.04.15 @ 18:13:35 Sessions 1 Manual Loads 0 Difficulty Rogue Special Mode None Game No. 26 Rogue 26 Adventurer 0 Explorer 0 Win Type - Total 0 Types 0/0/0/0/0/0/0/0/0 Lore% 19 Gallery% 33 Achievement% 20 Wizard Run 0 Options --------- Layout 1 ASCII 0 Keyboard 0 Movement Numpad Keybinds 0 Fullscreen 1 Font 24/Smallcaps Map View 50x40 Zoom Use 0% Tactical HUD 0 Map Filters NONE Filters NONE Steam 1 RUN: 009605e9-04ee-4384-8f0a-141f8e2fd906